 Dungeon Crawl Stone Soup version 0.20.1-1-g8b1a95d (webtiles) character file.

125901 vatarom the Black Belt (level 16, 0/145 HPs)
             Began as a Red Draconian Transmuter on Sept 21, 2017.
             Was the Champion of Ashenzari.
             Shot with a sling bullet by a faun (14 damage)
             ... on level 2 of the Shoals.
             The game lasted 01:37:24 (31159 turns).

vatarom the Black Belt (Red Draconian Transmuter)  Turns: 31159, Time: 01:37:24

Health: 0/145      AC: 16    Str:  9    XL:     16   Next: 42%
Magic:  28/28      EV: 25    Int: 14    God:    Ashenzari [******]
Gold:   996        SH:  0    Dex: 21    Spells: 14/31 levels left

rFire    + . .     SeeInvis +     - Unarmed
rCold    . . .     Gourm    +   (shield currently unavailable)
rNeg     . . .     Faith    .   (armour unavailable)
rPois    +         Spirit   .   (helmet restricted)
rElec    .         Reflect  .   K - +2 cloak (curse)
rCorr    .         Harm     .   (gloves currently unavailable)
MR       +....     Clarity  +   F - +0 pair of boots (curse)
Stlth    ++........             E - amulet of the gourmand (curse)
Regen    0.4/turn               H - +3 ring of protection (curse)
MPRegen  0.3/turn               V - ring "Naerosa" {+Fly rPois Str-3 Slay+2} (curse)

@: blade hands, hasted, very quick
A: breathe fire, unfitting armour, fangs 1, agile 1, fire resistance 1,
cold-blooded, AC +9
a: Breathe Fire, End Transformation, Curse Item, Scrying, Transfer Knowledge,
Renounce Religion, Evoke Flight


You were on level 2 of the Shoals.
You worshipped Ashenzari.
Ashenzari was exalted by your worship.
You were very full.
You had blades for hands.
You visited 6 branches of the dungeon, and saw 27 of its levels.
You also visited: Labyrinth and Sewer.

You collected 2700 gold pieces.
You spent 1704 gold pieces at shops.

Inventory:

Missiles
 a - 651 arrows
Armour
 e - a cursed +1 pair of gloves (melded)
 z - a cursed +0 buckler (melded)
 F - a cursed +0 pair of boots (worn)
 K - a cursed +2 cloak (worn)
Magical Staves
 T - an uncursed staff of energy (melded)
Jewellery
 h - an uncursed ring of protection from fire
 C - the amulet of Itocull {Harm *Drain +Inv +Fly}
   (You found it on level 1 of the Shoals)

   [amulet of harm]

   It increases damage dealt and taken.
   It lets you turn invisible.
   It lets you fly.
   It causes draining when unequipped.
 E - a cursed amulet of the gourmand (around neck)
 H - a cursed +3 ring of protection (left scythe-like blade)
 U - a +3 ring of protection
 V - the cursed ring "Naerosa" (right scythe-like blade) {+Fly rPois Str-3 Slay+2}
   (You acquired it on level 2 of the Orcish Mines)

   [ring of poison resistance]

   It affects your strength (-3).
   It affects your accuracy and damage with ranged weapons and melee attacks
   (+2).
   It protects you from poison.
   It lets you fly.
   It has a curse placed upon it.
 X - an uncursed ring of resist corrosion
Wands
 j - a wand of digging (5/24)
 p - a wand of enslavement (11/24)
 v - a wand of clouds (3/9)
 B - a wand of confusion (13/48)
 G - a wand of acid (2/15)
 I - a wand of iceblast (3/15)
 N - a wand of confusion (18/48)
 R - a wand of digging (13/24)
Scrolls
 g - 14 scrolls of teleportation
 k - 4 scrolls of fog
 l - 2 scrolls of fear
 r - a scroll of enchant weapon
 w - 5 scrolls of recharging
 x - a scroll of magic mapping
 y - 4 scrolls of amnesia
 L - 4 scrolls of enchant armour
 M - 6 scrolls of identify
 Q - 3 scrolls of remove curse
Potions
 c - a potion of lignification
 o - 6 potions of brilliance
 q - 2 potions of resistance
 t - 3 potions of invisibility
 u - 5 potions of agility
 A - 2 potions of magic
 D - 2 potions of flight
 O - a potion of cancellation
Books
 b - a book of Changes

   Spells                             Type                      Level
   a - Beastly Appendage              Transmutation                1
   b - Sticks to Snakes               Transmutation                2
   c - Spider Form                    Transmutation/Poison         3
   d - Ice Form                       Ice/Transmutation            4
   e - Blade Hands                    Transmutation                5
 d - Kuoplap's Reference Book on the Mountains and Boosts
   (You acquired it on level 2 of the Orcish Mines)

   Spells                             Type                      Level
   a - Passwall                       Transmutation/Earth          2
   b - Ozocubu's Armour               Charms/Ice                   3
   c - Spectral Weapon                Hexes/Charms                 3
   d - Lee's Rapid Deconstruction     Earth                        5
 Y - a book of Clouds

   Spells                             Type                      Level
   a - Poisonous Vapours              Poison/Air                   2
   b - Mephitic Cloud                 Conjuration/Poison/Air       3
   c - Conjure Flame                  Conjuration/Fire             3
   d - Freezing Cloud                 Conjuration/Ice/Air          6
   e - Ring of Flames                 Charms/Fire                  7
 Z - a book of Spatial Translocations

   Spells                             Type                      Level
   a - Blink                          Translocation                2
   b - Shroud of Golubria             Charms/Translocation         2
   c - Lesser Beckoning               Translocation                3
   d - Gell's Gravitas                Translocation                3
   e - Teleport Other                 Translocation                3
   f - Passage of Golubria            Translocation                4
Comestibles
 f - 13 meat rations
 i - 22 royal jellies
 m - 27 fruits
 J - 16 bread rations


   Skills:
 + Level 13.7 Fighting
 + Level 11.9(14.6) Dodging
 - Level 4.7(7.6) Shields
 * Level 17.5 Unarmed Combat
 + Level 8.0 Spellcasting
 - Level 11.2(15.4) Transmutations
 - Level 1.4(4.3) Ice Magic
 + Level 6.5(11.0) Evocations


You had 14 spell levels left.
You knew the following spells:

 Your Spells              Type           Power        Failure   Level  Hunger
a - Beastly Appendage     Tmut           #####.       4%          1    None
b - Sticks to Snakes      Tmut           #####...     4%          2    None
c - Spider Form           Tmut/Pois      ####......   17%         3    ##.....
d - Ice Form              Ice/Tmut       ####....     22%         4    ####...
e - Blade Hands           Tmut           #####.....   13%         5    #####..
f - Passwall              Tmut/Erth      ####......   13%         2    None


Dungeon Overview and Level Annotations

Branches:
Dungeon (15/15)            Temple (1/1) D:6            Lair (6/6) D:11
 Shoals (2/4) Lair:2        Snake (1/4) Lair:2        Slime (0/5) Lair:6
    Orc (2/2) D:12            Elf (0/3) Orc:2        Vaults (0/5) D:14
 Depths (0/5) D:15

Altars:
Ashenzari
Cheibriados
Dithmenos
Elyvilon
Fedhas
Gozag
Hepliaklqana
Kikubaaqudgha
Makhleb
Nemelex Xobeh
Okawaru
Qazlal
Ru
Sif Muna
Trog
Uskayaw
Vehumet
Xom
Yredelemnul
Zin
The Shining One
Beogh

Shops:
D:12 *   D:13 }   Orc:2 ?!!}   Shoals:1 (

Annotations:
Lair:1 exclusion: oklob plant
Lair:4 vatarom's ghost, journeyman TrMo


Innate Abilities, Weirdness & Mutations

You can breathe blasts of fire.
Your fiery red scales are hard. (AC +9)
You cannot fit into any form of body armour.
Your flesh is heat resistant. (rF+)
You are cold-blooded and may be slowed by cold attacks.
You have very sharp teeth.
You are agile. (Dex +2)


Message History

Unknown command.
You enter the shallow water.
Moving in this stuff is going to be slow.
The merfolk hits your faun with a trident!
Your water nymph's watery aura covers the stone staircase leading down.
What are your orders? t - Shout!
Orders for allies: a - Attack new target. r - Retreat! s - Stop attacking. g - Guard the area. f - Follow me.
Anything else - Cancel.
Retreat in which direction?
Press: ? - help, Dir - move target cursor, f - faun
Aim: a faun, wielding a club, quivering 21 sling bullets and carrying a hunting sling (friendly, summoned) Fall back!
You are no longer glowing.
Something hits your water nymph!
The faun shoots a sling bullet.
The sling bullet closely misses your water nymph.
The sling bullet hits you!
You die...

≈ ≈ ≈ ≈≈≈≈≈≈≈≈≈≈≈≈≈.≈≈c≈≈..<≈ ≈
≈≈≈≈≈≈≈≈≈≈≈≈≈≈≈≈≈≈≈≈≈≈.≈≈ ≈≈≈≈≈
≈≈≈≈≈≈≈≈≈≈≈≈≈≈≈≈≈≈≈≈≈m≈≈ *≈≈≈≈
≈≈≈≈≈≈≈≈≈≈≈≈≈≈≈≈≈≈≈≈≈≈≈≈
≈≈≈≈≈≈≈≈≈≈≈≈≈≈≈≈≈≈≈≈......≈≈≈
*≈≈≈≈≈≈≈≈≈≈≈≈≈≈≈≈≈c≈)≈≈((....{≈≈
#≈≈≈≈≈≈≈≈≈≈≈≈≈≈≈E≈cc≈m..#....≈≈≈
#≈≈≈≈≈≈≈≈≈≈≈≈≈≈≈≈≈m≈≈c..##((((≈≈
#≈≈≈≈≈≈≈≈≈≈≈≈≈≈@###{{≈((....≈≈≈≈
#≈≈≈≈≈≈[≈≈≈≈≈≈≈.###.≈≈≈≈≈≈.(†≈≈≈
#≈≈≈≈≈.##.≈≈≈≈≈..#..≈≈≈≈≈.###.≈≈
#≈≈≈≈≈..##.≈≈)≈≈...≈≈≈≈≈.## ##.≈
#≈≈≈≈≈≈...≈≈≈≈≈≈≈≈≈≈≈≈≈≈≈# ##≈
#≈≈≈≈≈≈<.≈≈≈≈≈≈≈≈≈≈≈≈≈≈≈≈## #.
#≈≈≈≈≈≈≈≈≈≈≈≈≈≈≈≈≈≈≈≈≈≈≈≈.# ##.
#≈≈≈≈≈≈≈≈≈≈≈≈≈≈≈≈≈≈≈≈≈≈≈≈.####.≈
#≈≈≈≈≈≈≈≈≈≈≈≈≈≈≈≈≈≈≈≈≈≈≈≈....:.≈


You could see a merfolk, a faun, 3 friendly fauns, a friendly water elemental
and a friendly water nymph.

Vanquished Creatures
  Donald (Orc:2)
  2 orc warlords (Orc:1)
  Snorg (Orc:1)
  2 merfolk impalers (Shoals:1)
  A minotaur (Lab)
  A fire dragon (Lair:6)
  The ghost of kalagan the Thaumaturge, a journeyman GrEE of Sif Muna (Orc:2)
  4 vault guards (D:14)
  5 hydras
  5 two-headed ogres
  A catoblepas (Lair:5)
  Erica (D:9)
  6 centaur warriors
  7 death yaks
  A death knight (D:13)
  3 orc high priests (Orc:2)
  5 tengu warriors
  Urug (D:11)
  A naga sharpshooter (Snake:1)
  Sonja (D:11)
  Nergalle (Lair:1)
  A fire crab (shapeshifter) (D:14)
  4 sea snakes (Shoals:1)
  5 unseen horrors
  2 wizards (D:15)
  4 orc knights
  Pikel (D:9)
  2 mana vipers (Snake:1)
  9 harpies
  A necromancer (D:15)
  11 ugly things
  2 cyclopes
  5 orc sorcerers
  A wolf spider zombie (D:14)
  A wolf spider (Lair:6)
  5 manticores
  2 deep elf magi (D:15)
  A guardian serpent (Lair:6)
  Maurice (D:9)
  16 black mambas
  A merfolk siren (Shoals:1)
  2 gargoyles
  A naga mage (D:15)
  2 water nymphs
  6 rime drakes
  19 spiny frogs
  A kobold demonologist (D:14)
  An efreet (D:15)
  11 komodo dragons
  A tengu conjurer (D:15)
  A freezing wraith (D:15)
  4 harpy zombies
  2 wind drakes
  The ghost of flestrin the Magician, a novice DECj (D:5)
  9 trolls
  11 merfolk
  A polar bear (Lair:6)
  6 hornets
  2 slime creatures (Lair:6)
  9 blink frogs
  2 meliai zombies
  12 hippogriffs
  2 snapping turtles (Shoals:1)
  2 shadows
  3 redbacks (Lair:6)
  8 basilisks
  45 yaks
  A vampire (D:14)
  2 wraiths
  18 wyverns
  A hungry ghost (D:14)
  5 vampire mosquitoes (D:14)
  3 steam dragons (Lair:6)
  Menkaure (D:5)
  2 soldier ants
  7 wargs
  7 nagas
  2 acid dragons (D:14)
  21 water moccasins
  8 porcupines
  23 orc warriors
  2 swamp drakes (Lair:6)
  A hornet zombie (D:15)
  A black bear (Orc:1)
  3 sky beasts
  2 slaves (D:9)
  An eye of draining (D:14)
  2 necrophages
  7 ice beasts
  A phantom (D:4)
  12 ogres
  4 wolves (Lair:6)
  13 centaurs
  4 hippogriff zombies (Shoals:1)
  A big kobold (D:11)
  20 crocodiles
  21 bullfrogs
  3 wyvern skeletons
  2 scorpions
  14 wights
  The ghost of vatarom the Ruffian, a weakling DrTm of Elyvilon (D:3)
  4 killer bees (D:13)
  A vampire bat (Orc:1)
  3 electric eels
  A howler monkey (D:12)
  3 crimson imps
  A bullfrog zombie (D:11)
  7 centaur zombies
  3 quasits
  5 jellies
  23 orc priests
  6 centaur skeletons
  6 hounds
  Crazy Yiuf (D:3)
  31 orc wizards
  2 iguanas
  Jessica (D:2)
  Ijyb (D:3)
  3 bullfrog skeletons
  Natasha (thrice) (D:3)
  7 worker ants
  A hound zombie (D:7)
  4 gnolls (D:11)
  A howler monkey skeleton (D:8)
  14 adders
  2 river rats (Sewer)
  5 shadow imps
  5 white imps (D:9)
  An ufetubus (D:9)
  2 worms
  3 dart slugs
  6 leopard geckos
  85 orcs
  6 ball pythons
  A bat zombie (Shoals:1)
  10 giant cockroaches
  3 goblins
  6 hobgoblins
  12 jackals
  15 kobolds
  3 quokkas
  12 bats
  9 frilled lizards
  A jackal skeleton (D:8)
  A kobold zombie (D:5)
  A leopard gecko skeleton (D:7)
  A quokka zombie (D:6)
  10 rats
  2 fungi
  13 plants
853 creatures vanquished.

Vanquished Creatures (collateral kills)
  A naga warrior (Snake:1)
  A merfolk avatar (Shoals:1)
  An anaconda (Snake:1)
  A shock serpent (Snake:1)
  A swamp dragon (Lair:6)
  An orc sorcerer (Orc:2)
  A salamander (Snake:1)
  A manticore (Shoals:1)
  A guardian serpent (Snake:1)
  A black bear (D:12)
  A killer bee (D:13)
  A crimson imp (D:12)
  An adder (D:12)
  A plant (D:5)
14 creatures vanquished.

Vanquished Creatures (others)
  A spiny frog (Lair:5)
  2 slaves (D:9)
  2 orc priests
  An orc wizard (Orc:2)
  A bullfrog simulacrum (D:9)
  A worker ant zombie (D:9)
  An orc (D:3)
  A hobgoblin (D:3)
  A kobold (D:3)
  A bush (Lair:6)
  14 fungi
  14 plants (Lair:6)
40 creatures vanquished.

Grand Total: 907 creatures vanquished

Notes
Turn   | Place    | Note
-------+----------+-------------------------------------------
     0 | D:1      | vatarom the Draconian Transmuter began the quest for the Orb.
     0 | D:1      | Reached XP level 1. HP: 16/16 MP: 3/3
   267 | D:1      | Reached XP level 2. HP: 19/23 MP: 5/5
   953 | D:2      | Reached XP level 3. HP: 29/29 MP: 4/6
  1007 | D:2      | Found a stormy altar of Qazlal.
  1024 | D:2      | Noticed Jessica
  1032 | D:2      | Killed Jessica
  1080 | D:2      | Found an opulent altar of Gozag.
  1157 | D:2      | Reached XP level 4. HP: 18/36 MP: 5/7
  1732 | D:2      | Learned a level 2 spell: Sticks to Snakes
  1736 | D:2      | Learned a level 3 spell: Spider Form
  1800 | D:3      | Found a radiant altar of Vehumet.
  1804 | D:3      | Noticed vatarom's ghost (weakling DrTm)
  1841 | D:2      | Reached XP level 5. HP: 7/42 MP: 4/8
  1842 | D:2      | Reached skill level 4 in Unarmed Combat
  2271 | D:3      | Noticed Natasha
  2288 | D:3      | Killed Natasha
  2528 | D:3      | Noticed Natasha
  2542 | D:3      | Killed vatarom's ghost
  2543 | D:3      | Killed Natasha
  2547 | D:3      | Noticed Ijyb
  2553 | D:3      | Killed Ijyb
  2565 | D:3      | Noticed Natasha
  2581 | D:3      | Killed Natasha
  2581 | D:3      | Reached XP level 6. HP: 34/50 MP: 1/9
  2709 | D:3      | Found a runed door.
  2749 | D:3      | Noticed Crazy Yiuf
  2760 | D:3      | Killed Crazy Yiuf
  2858 | D:3      | Found a shimmering altar of Xom.
  2858 | D:3      | Found a hide-covered altar of Uskayaw.
  3081 | D:4      | Noticed a wyvern
  3101 | D:4      | Killed a wyvern
  3101 | D:4      | Reached skill level 5 in Unarmed Combat
  3226 | D:4      | Found a shattered altar of Ashenzari.
  3255 | D:4      | Became a worshipper of Ashenzari the Shackled
  3354 | D:4      | Your scales start taking on a fiery red colour.
  3354 | D:4      | Reached XP level 7. HP: 36/57 MP: 6/10
  3354 | D:4      | Gained mutation: Your flesh is heat resistant. (rF+) [Red Draconian growth]
  3858 | D:3      | Learned a level 4 spell: Ice Form
  4080 | D:5      | Entered Level 5 of the Dungeon
  4104 | D:5      | Found a glowing drain.
  4121 | D:5      | Noticed Menkaure
  4125 | Sewer    | Entered a sewer
  4587 | D:5      | Reached skill level 6 in Unarmed Combat
  4596 | D:5      | Killed Menkaure
  4596 | D:5      | Reached skill level 1 in Ice Magic
  4619 | D:5      | Found a sand-covered staircase.
  4668 | D:5      | Gained mutation: You have very sharp teeth. [potion of mutation]
  4668 | D:5      | Gained mutation: You are agile. (Dex +2) [potion of mutation]
  4768 | D:5      | Noticed flestrin's ghost (novice DECj)
  4809 | D:5      | Killed flestrin's ghost
  4809 | D:5      | Reached XP level 8. HP: 50/67 MP: 1/11
  5456 | D:6      | Found a staircase to the Ecumenical Temple.
  5497 | Temple   | Entered the Ecumenical Temple
  5591 | Temple   | Reached * piety under Ashenzari
  5946 | D:6      | Reached skill level 5 in Fighting
  5946 | D:6      | Reached skill level 7 in Unarmed Combat
  6112 | D:6      | Reached skill level 5 in Transmutations
  6409 | D:6      | Found a blossoming altar of Fedhas.
  6681 | D:7      | Reached skill level 5 in Dodging
  6840 | D:7      | Reached XP level 9. HP: 49/74 MP: 8/12
  7330 | D:7      | Found a shadowy altar of Dithmenos.
  7331 | D:7      | Found a deep blue altar of Sif Muna.
  7415 | D:7      | Reached skill level 8 in Unarmed Combat
  7722 | D:8      | Found a bloodstained altar of Trog.
  8057 | D:9      | Noticed a two-headed ogre
  8060 | D:9      | Noticed a two-headed ogre
  8071 | D:9      | Killed a two-headed ogre
  8071 | D:9      | Reached skill level 9 in Unarmed Combat
  8076 | D:9      | Killed a two-headed ogre
  8076 | D:9      | Reached XP level 10. HP: 59/86 MP: 10/13
  8532 | D:9      | Reached skill level 10 in Unarmed Combat
  8633 | D:9      | Noticed Maurice
  8649 | D:9      | Killed Maurice
  8666 | D:9      | Noticed Pikel
  8674 | D:9      | Killed Pikel
  9086 | D:9      | Noticed Erica
  9094 | D:9      | Killed Erica
  9389 | D:10     | Entered Level 10 of the Dungeon
  9390 | D:10     | Reached ** piety under Ashenzari
  9395 | D:10     | Reached XP level 11. HP: 87/95 MP: 14/14
  9427 | D:10     | Noticed a two-headed ogre
  9439 | D:10     | Killed a two-headed ogre
  9439 | D:10     | Reached skill level 11 in Unarmed Combat
  9940 | D:10     | Reached skill level 1 in Shields
 10542 | D:11     | Learned a level 5 spell: Blade Hands
 10781 | D:11     | Noticed Sonja
 10792 | D:11     | Killed Sonja
 10833 | D:11     | Noticed Urug
 10848 | D:11     | Killed Urug
 10943 | D:11     | Found a staircase to the Lair.
 10986 | D:11     | Noticed a green ugly thing
 11007 | D:11     | Killed a green ugly thing
 11051 | Lair:1   | Entered Level 1 of the Lair of Beasts
 11163 | Lair:1   | Reached skill level 12 in Unarmed Combat
 11257 | Lair:1   | Noticed Nergalle
 11293 | Lair:1   | Killed Nergalle
 11293 | Lair:1   | Reached XP level 12. HP: 105/105 MP: 13/19
 11369 | Lair:1   | Reached *** piety under Ashenzari
 12325 | Lair:2   | Found a staircase to the Shoals.
 12571 | Lair:2   | Found a staircase to the Snake Pit.
 12793 | Lair:3   | Reached skill level 10 in Fighting
 12811 | Lair:3   | Reached **** piety under Ashenzari
 12924 | Lair:3   | Reached skill level 13 in Unarmed Combat
 13576 | Lair:4   | Noticed a death yak
 13577 | Lair:4   | Noticed a death yak
 13580 | Lair:4   | Noticed a death yak
 13607 | Lair:4   | Killed a death yak
 13621 | Lair:4   | Killed a death yak
 13624 | Lair:4   | Killed a death yak
 13799 | Lair:4   | Reached XP level 13. HP: 78/114 MP: 14/20
 14004 | Lair:4   | Noticed vatarom's ghost (journeyman TrMo)
 14281 | Lair:4   | Reached ***** piety under Ashenzari
 15209 | Lair:6   | Entered Level 6 of the Lair of Beasts
 15232 | Lair:6   | Found a staircase to the Slime Pits.
 15302 | Lair:6   | Reached skill level 14 in Unarmed Combat
 15592 | Lair:6   | Reached skill level 10 in Transmutations
 16632 | Lair:6   | Reached XP level 14. HP: 120/124 MP: 14/21
 16786 | Lair:6   | Reached skill level 10 in Dodging
 16791 | Lair:6   | Reached skill level 15 in Unarmed Combat
 18459 | D:12     | Found Jiab's Pet Rocks.
 19056 | D:12     | Found a staircase to the Orcish Mines.
 19134 | D:12     | Found a roughly hewn altar of Beogh.
 19589 | D:13     | Reached ****** piety under Ashenzari
 19968 | D:13     | Found Bujifik's Gadget Shoppe.
 20033 | D:13     | Reached skill level 1 in Evocations
 20042 | D:13     | Reached skill level 5 in Spellcasting
 20530 | D:14     | Found a gate to the Vaults.
 21218 | D:14     | Reached skill level 16 in Unarmed Combat
 21294 | D:14     | Reached XP level 15. HP: 89/134 MP: 15/23
 21660 | D:14     | Found a sacrificial altar of Ru.
 21849 | D:15     | Entered Level 15 of the Dungeon
 23115 | D:15     | Paralysed by an orc sorcerer for 5 turns
 23233 | D:15     | Found a staircase to the Depths.
 23684 | Orc:1    | Entered Level 1 of the Orcish Mines
 23684 | Orc:1    | Noticed Snorg
 23694 | Orc:1    | Killed Snorg
 23783 | Orc:1    | Found Meamowia's Food Shop.
 23790 | Orc:1    | Bought a bread ration for 55 gold pieces
 23790 | Orc:1    | Bought a bread ration for 55 gold pieces
 23790 | Orc:1    | Bought a meat ration for 55 gold pieces
 23790 | Orc:1    | Bought a meat ration for 55 gold pieces
 23790 | Orc:1    | Bought 2 fruits for 33 gold pieces
 23790 | Orc:1    | Bought a royal jelly for 22 gold pieces
 23790 | Orc:1    | Bought a meat ration for 55 gold pieces
 23790 | Orc:1    | Bought a royal jelly for 22 gold pieces
 24232 | Orc:1    | Noticed an orc warlord
 24245 | Orc:1    | Killed an orc warlord
 24425 | Orc:2    | Entered Level 2 of the Orcish Mines
 24435 | Orc:2    | Noticed kalagan's ghost (journeyman GrEE)
 24457 | Orc:2    | Noticed Donald
 24595 | Orc:2    | Found a labyrinth entrance.
 24604 | Lab      | Entered a labyrinth
 25029 | Lab      | Reached skill level 5 in Evocations
 25420 | Orc:2    | Identified a scroll of acquirement
 25420 | Orc:2    | Identified Kuoplap's Reference Book on the Mountains and Boosts (You acquired it on level 2 of the Orcish Mines)
 25429 | Orc:2    | Learned a level 2 spell: Passwall
 25450 | Orc:2    | Killed Donald
 26095 | Orc:2    | Killed kalagan's ghost
 26119 | Orc:2    | Found an iron altar of Okawaru.
 26210 | Orc:2    | Found a staircase to the Elven Halls.
 26264 | Orc:2    | Noticed an orc warlord
 26290 | Orc:1    | Killed an orc warlord
 27770 | Orc:2    | Paralysed by an orc sorcerer for 6 turns
 27785 | Orc:2    | Reached skill level 17 in Unarmed Combat
 27790 | Orc:2    | Found Cosoh's Gadget Emporium.
 27790 | Orc:2    | Found Plog's Magic Scroll Boutique.
 27792 | Orc:2    | Found Ovvobra's Distillery.
 27792 | Orc:2    | Found Gunaw's Distillery.
 27805 | Orc:2    | Bought a scroll of acquirement for 676 gold pieces
 27805 | Orc:2    | Identified the Grimoire of the Harmful Frostbite (You acquired it on level 2 of the Orcish Mines)
 27810 | Orc:2    | Bought a scroll of acquirement for 676 gold pieces
 27812 | Orc:2    | Identified the cursed ring "Naerosa" {+Fly rPois Str-3 Slay+2} (You acquired it on level 2 of the Orcish Mines)
 28152 | Snake:1  | Entered Level 1 of the Snake Pit
 28163 | Snake:1  | Reached XP level 16. HP: 112/144 MP: 22/27
 28986 | Shoals:1 | Entered Level 1 of the Shoals
 30038 | Shoals:1 | Found Bigofur's Antique Weapon Shop.
 30094 | Shoals:1 | Identified the amulet of Itocull {Harm *Drain +Inv +Fly}
 31159 | Shoals:2 | Shot with a sling bullet by a faun

Skill      XL: |  1  2  3  4  5  6  7  8  9 10 11 12 13 14 15 16 |
---------------+-------------------------------------------------+-----
Dodging        | 2 3 4 5 6 7 8 9 10 11 | 11.9
Fighting       | 2 3 4 5 7 8 9 10 11 12 13 | 13.7
Unarmed Combat | 4 5 6 7 9 10 12 13 14 16 17 | 17.5
Transmutations | 3 4 5 6 7 9 10 11 | 11.2
Ice Magic      | 1 |  1.4
Shields        | 4 |  4.7
Spellcasting   | 4 5 7 8 |  8.0
Evocations     | 3 5 6 |  6.5

Action                   |  1- 3 |  4- 6 |  7- 9 | 10-12 | 13-15 | 16-18 || total
-------------------------+-------+-------+-------+-------+-------+-------++-------
Melee: Unarmed           |   109 |   175 |   625 |   567 |  1266 |   229 ||  2971
       Tailslap          |    10 |     9 |    98 |    39 |   115 |    34 ||   305
       Kick              |     6 |    11 |     1 |       |       |       ||    18
       Headbutt          |     3 |     4 |     6 |     4 |       |       ||    17
       Bite              |       |       |    66 |    38 |   112 |    27 ||   243
       Punch             |       |       |    15 |    12 |    71 |    16 ||   114
       Staff             |       |       |       |       |     9 |       ||     9
 Cast: Beastly Appendage |     9 |     9 |     5 |     2 |       |       ||    25
       Spider Form       |       |     8 |    19 |     6 |       |       ||    33
       Sticks to Snakes  |       |     2 |     4 |       |     8 |       ||    14
       Ice Form          |       |       |     3 |    27 |    31 |     4 ||    65
       Blade Hands       |       |       |       |    23 |    87 |    23 ||   133
       Passwall          |       |       |       |       |     3 |       ||     3
Invok: Curse Item        |       |     1 |     3 |     3 |     2 |       ||     9
 Abil: Breathe Fire      |       |       |    10 |     7 |     8 |     1 ||    26
       End Transformatio |       |       |     1 |     3 |     4 |     3 ||    11
Evoke: Wand              |       |     1 |    13 |     1 |    16 |     4 ||    35
       Box of beasts     |       |       |       |       |     1 |     3 ||     4
  Use: Scroll            |     4 |     4 |     7 |     7 |    17 |     8 ||    47
       Potion            |     3 |     4 |     2 |     3 |    14 |     3 ||    29
 Stab: Sleeping          |     1 |     2 |     3 |     3 |     3 |       ||    12
       Distracted        |       |       |     1 |       |     1 |       ||     2
       Confused          |       |       |       |       |     1 |       ||     1
       Invisible         |       |       |       |       |     1 |       ||     1
  Eat: Chunk             |     1 |     4 |    10 |    11 |    83 |    17 ||   126
       Bread ration      |       |     1 |     2 |     2 |       |       ||     5
       Meat ration       |       |       |     1 |     5 |     1 |       ||     7
Armor: Skin              |    32 |    61 |    54 |   108 |   201 |    77 ||   533
Dodge: Dodged            |    63 |   188 |   336 |   415 |  1208 |   377 ||  2587
Block: Buckler           |       |       |       |    14 |    57 |     8 ||    79
